 Dungeon Crawl Stone Soup version 0.23.0-28-g6fe0f4dc8b (webtiles) character file.

Game seed: 3415477185133437304

1301 DildoBatman the Stinger (level 8, -5/46 HPs)
             Began as an Octopode Wizard on Feb 26, 2019.
             Was a Believer of Kikubaaqudgha.
             Slain by Prince Ribbit (19 damage)
             ... on level 5 of the Dungeon.
             The game lasted 00:25:23 (6486 turns).

DildoBatman the Stinger (Octopode Wizard)           Turns: 6486, Time: 00:25:24

Health: -5/46      AC:  3    Str:  6    XL:     8   Next: 57%
Magic:  7/12       EV: 13    Int: 23    God:    Kikubaaqudgha [**....]
Gold:   250        SH:  0    Dex: 10    Spells: 6/13 levels left

rFire    . . .     SeeInvis .   a - +2 flail (crush)
rCold    . . .     Gourm    .   (no shield)
rNeg     . . .     Faith    .   l - +2 hat
rPois    .         Spirit   .   (no amulet)
rElec    .         Reflect  .   (no ring)
rCorr    .         Harm     .   (no ring)
MR       .....                  (no ring)
Stlth    ++........             (no ring)
HPRegen  0.15/turn              (no ring)
MPRegen  0.13/turn              (no ring)
                                (no ring)
                                (no ring)

@: confused, very slightly contaminated
A: almost no armour, stealthy swim, amphibious, 8 rings, constrict 8, camouflage
1, gelatinous body 1
a: Receive Corpses, Renounce Religion


You were on level 5 of the Dungeon.
You worshipped Kikubaaqudgha.
Kikubaaqudgha was pleased with you.
You were hungry.

You visited 1 branch of the dungeon, and saw 6 of its levels.

You collected 250 gold pieces.

Inventory:

Hand Weapons
 a - a +2 flail of crushing (weapon)
 b - a +0 dagger of speed
 e - a +0 spear
Missiles
 f - 93 stones
 s - 17 poisoned needles
 w - 8 tomahawks (quivered)
 y - 98 arrows
 B - 6 javelins
Armour
 l - a +2 hat (worn)
 p - a +0 buckler
Wands
 u - a wand of disintegration (12)
Scrolls
 c - a scroll of identify
 d - 2 scrolls of fear
 g - 3 scrolls of noise {unknown}
 k - a scroll of teleportation
 r - a scroll of remove curse {unknown}
 t - a scroll of enchant armour
 x - a scroll of brand weapon {unknown}
Potions
 h - 2 potions of flight {unknown}
 i - a potion of degeneration {unknown}
 j - a potion of mutation {unknown}
 m - 2 potions of haste {unknown}
 n - 2 potions of might {unknown}
 o - 4 potions of curing
 q - 3 potions of heal wounds
 z - a potion of invisibility {unknown}
Comestibles
 v - 9 rations


   Skills:
 - Level 2.0 Dodging
 - Level 2.6 Stealth
 - Level 3.0 Spellcasting
 - Level 5.0 Conjurations
   Level 1.0 Summonings
   Level 1.0 Translocations
 - Level 3.2 Fire Magic
 - Level 3.2 Air Magic
 * Level 5.8 Poison Magic
 * Level 5.3 Evocations


You had 6 spell levels left.
You knew the following spells:

 Your Spells              Type           Power        Failure   Level  Hunger
a - Conjure Flame         Conj/Fire      ###.....     6%          3    ###....
c - Magic Dart            Conj           ####         1%          1    None
e - Mephitic Cloud        Conj/Pois/Air  ####....     4%          3    ###....

Your spell library contained the following spells:

 Spells                   Type           Power        Failure   Level  Hunger
 Pain                     Necr           #...         12%         1    None
 Blink                    Tloc           N/A          12%         2    ##.....
 Call Imp                 Summ           #.......     12%         2    ##.....
 Corpse Rot               Necr           N/A          17%         2    ##.....
 Slow                     Hex            #.......     17%         2    ##.....
 Sublimation of Blood     Necr           #.........   17%         2    ##.....
 Vampiric Draining        Necr           #.........   34%         3    ###....


Dungeon Overview and Level Annotations

Branches:
Dungeon (6/15)
 Temple: D:4-7

Altars:
Ashenzari
Gozag
Kikubaaqudgha
Nemelex Xobeh
Qazlal
Ru
Yredelemnul

Shops:
D:5 :

Annotations:
D:5 Prince Ribbit


Innate Abilities, Weirdness & Mutations

You cannot wear most types of armour.
You are very stealthy in the water. (Stealth+)
You are amphibious.
You can wear up to eight rings at the same time.
You can use your tentacles to constrict eight enemies at once.
Your skin changes colour to match your surroundings (Stealth+).
Your rubbery body absorbs attacks. (AC +1, EV +1)


Message History

Prince Ribbit is engulfed in noxious fumes.
Prince Ribbit appears confused.
Prince Ribbit closely misses you.
Prince Ribbit is engulfed in noxious fumes.
Prince Ribbit appears confused.
You're too confused to move!
You are engulfed in noxious fumes.
You choke on the stench!
You are more confused.
Prince Ribbit is engulfed in noxious fumes.
Prince Ribbit appears confused.
Prince Ribbit hits you!
Prince Ribbit is engulfed in noxious fumes.
Prince Ribbit appears confused.
You hit Prince Ribbit.
Prince Ribbit is heavily wounded.
Prince Ribbit barely misses you. Prince Ribbit hits you!!
You die...
Kikubaaqudgha rasps: "You have failed me!
Welcome... death!"

#.# #######.#
###### ......#.#
#....# ......#.#
#.##.# ...[..#.#
#.##.# ......#.#
#.##.# ......#.#
#.##.#
......#.######.##F#
......'.........@>#
......#.######.####
#######.# #.# ###
#.# #.# ..# #.# #.#
..# #.# #[# ..#
###.######.# ..#
#........#.# ..#
#.#.####.#.#


You could see Prince Ribbit (confused).

Vanquished Creatures
  A troll (D:4)
  A human (D:5)
  A sky beast (D:5)
  A phantom (D:3)
  An ogre (D:4)
  Blork the orc (D:5)
  A scorpion (D:4)
  2 crimson imps (D:5)
  2 jellies (D:5)
  A bullfrog zombie (D:5)
  3 orc priests
  An iguana (D:6)
  2 worker ants
  4 orc wizards
  A howler monkey skeleton (D:5)
  5 adders
  An adder skeleton (D:4)
  A dart slug (D:2)
  4 leopard geckos
  15 orcs
  3 giant cockroaches
  8 goblins
  5 hobgoblins
  4 jackals
  4 kobolds
  A quokka (D:6)
  6 bats
  6 frilled lizards
  A jackal zombie (D:5)
  A leopard gecko skeleton (D:5)
  8 rats
96 creatures vanquished.

Vanquished Creatures (others)
  A human (D:2)
1 creature vanquished.

Grand Total: 97 creatures vanquished

Notes
Turn   | Place    | Note
-------+----------+-------------------------------------------
     0 | D:1      | DildoBatman the Octopode Wizard began the quest for the
                  | Orb.
     0 | D:1      | Reached XP level 1. HP: 11/11 MP: 4/4
   591 | D:1      | Reached XP level 2. HP: 16/17 MP: 0/6
  1230 | D:2      | Found a sparkling altar of Nemelex Xobeh.
  1399 | D:2      | Reached XP level 3. HP: 21/21 MP: 2/7
  1404 | D:2      | Learned a level 3 spell: Conjure Flame
  1408 | D:2      | Learned a level 3 spell: Mephitic Cloud
  1916 | D:2      | Found an ancient bone altar of Kikubaaqudgha.
  1918 | D:2      | Noticed a human
  1920 | D:2      | Killed a human
  1923 | D:2      | Became a worshipper of Kikubaaqudgha
  2525 | D:3      | Reached XP level 4. HP: 27/27 MP: 3/8
  2705 | D:3      | Found a sacrificial altar of Ru.
  2970 | D:3      | Reached XP level 5. HP: 31/31 MP: 5/9
  3300 | D:4      | Noticed a phantom
  3414 | D:4      | Found an opulent altar of Gozag.
  3650 | D:4      | Reached skill level 5 in Conjurations
  3892 | D:4      | Noticed an ogre
  3916 | D:4      | Killed an ogre
  3916 | D:4      | Reached skill level 1 in Fire Magic
  3916 | D:4      | Reached skill level 1 in Air Magic
  3916 | D:4      | Reached skill level 1 in Poison Magic
  3916 | D:4      | Reached skill level 1 in Evocations
  3916 | D:4      | Reached XP level 6. HP: 36/36 MP: 1/10
  4158 | D:4      | Noticed a troll
  4242 | D:4      | Reached * piety under Kikubaaqudgha
  4242 | D:4      | Identified Kikubaaqudgha's Catalogue of Unholy Magic
                  | (Kikubaaqudgha gifted it to you on level 4 of the Dungeon)
  4242 | D:4      | Received a gift from Kikubaaqudgha
  4496 | D:5      | Entered Level 5 of the Dungeon
  4678 | D:5      | Reached XP level 7. HP: 27/41 MP: 7/11
  4993 | D:5      | Noticed Blork the orc
  5239 | D:5      | Found a runed translucent door.
  5239 | D:5      | Noticed a human
  5245 | D:5      | Found a basalt altar of Yredelemnul.
  5271 | D:5      | Killed a human
  5271 | D:5      | Reached XP level 8. HP: 40/46 MP: 4/12
  5379 | D:5      | Found Ikiymn's Book Boutique.
  5571 | D:5      | Killed Blork the orc
  5927 | D:4      | Killed a troll
  5927 | D:4      | Reached skill level 5 in Poison Magic
  5927 | D:4      | Reached skill level 5 in Evocations
  6049 | D:5      | Reached ** piety under Kikubaaqudgha
  6111 | D:6      | Found a shattered altar of Ashenzari.
  6272 | D:6      | Found a stormy altar of Qazlal.
  6367 | D:6      | Noticed Prince Ribbit
  6486 | D:5      | Slain by Prince Ribbit

Skill      XL: |  1  2  3  4  5  6  7  8 |
---------------+-------------------------+-----
Conjurations   | 2 3 4 5 |  5.0
Fire Magic     | 1 2 3 |  3.2
Air Magic      | 1 2 3 |  3.2
Poison Magic   | 1 2 4 5 |  5.8
Evocations     | 1 2 3 5 |  5.3
Dodging        | |  2.0
Stealth        | |  2.6
Spellcasting   | |  3.0
Summonings     | |  1.0
Translocations | |  1.0

Action                   |  1- 3 |  4- 6 |  7- 9 || total
-------------------------+-------+-------+-------++-------
Melee: Unarmed           |     1 |       |       ||     1
       Dagger            |     6 |    63 |    36 ||   105
       Constrict         |     3 |    12 |     9 ||    24
       Tentacles         |     2 |     7 |    10 ||    19
       Flail             |       |       |    16 ||    16
Throw: Javelin           |       |     7 |     7 ||    14
       Stone             |       |     3 |     1 ||     4
       Tomahawk          |       |       |     2 ||     2
 Cast: Magic Dart        |    86 |    71 |    73 ||   230
       Mephitic Cloud    |       |     8 |    10 ||    18
       Conjure Flame     |       |     3 |    15 ||    18
Evoke: Wand              |       |       |     2 ||     2
  Use: Scroll            |       |     6 |       ||     6
       Potion            |       |       |     1 ||     1
 Stab: Sleeping          |       |     2 |       ||     2
       Confused          |       |     3 |     3 ||     6
  Eat: Chunk             |     5 |     4 |     7 ||    16
       Ration            |       |     1 |       ||     1
Armor: Skin              |     2 |     3 |     6 ||    11
Dodge: Dodged            |     8 |    12 |    36 ||    56
